 Dungeon Crawl Stone Soup version 0.16.1-18-g436b03c (webtiles) character file.

9551 Trixu the Protected (level 11, -3/91 HPs)
             Began as a Minotaur Berserker on May 18, 2015.
             Was a High Priest of Trog.
             Slain by an enormous slime creature (31 damage)
             ... on level 10 of the Dungeon.
             The game lasted 01:40:04 (11077 turns).

Trixu the Protected (Minotaur Berserker)           Turns: 11077, Time: 01:40:04

Health: -3/91      AC: 20    Str: 26 (27) XL:     11   Next: 24%
Magic:  4/4        EV:  8    Int: 10 (12) God:    Trog [*****.]
Gold:   381        SH:  0    Dex: 10 (11) Spells: 0 memorised, 10 levels left

rFire  + . .     SeeInvis .     a - +1 hand axe
rCold  + . .     Clarity  .     e - +2 plate armour {rC+}
rNeg   . . .     SustAb   .     (no shield)
rPois  .         Gourm    .     (helmet restricted)
rElec  .         Spirit   .     (no cloak)
rCorr  .         Warding  .     d - +1 pair of gloves
rMut   .         Stasis   .     (no boots)
MR     .....                    (no amulet)
Stlth  ..........               E - +5 ring of intelligence
                                j - ring of protection from fire

@: not resistant to hostile enchantments, extremely unstealthy
A: retaliatory headbutt, horns 2, thin skeletal structure 1, clever 2,
deterioration 1, frail 1
a: Burn Spellbooks, Berserk, Trog's Hand, Brothers in Arms, Renounce Religion


You were on level 10 of the Dungeon.
You worshipped Trog.
Trog was extremely pleased with you.
You were not hungry.

You visited 2 branches of the dungeon, and saw 11 of its levels.

You collected 495 gold pieces.
You spent 114 gold pieces at shops.

Inventory:

Hand weapons
 a - a +1 hand axe (weapon)
Missiles
 k - 4 poisoned javelins (quivered)
Armour
 d - a +1 pair of gloves (worn)
 e - a +2 plate armour of cold resistance (worn)
 r - a +0 cloak
 H - a steam dragon hide
Jewellery
 i - a cursed -4 ring of evasion {unknown}
 j - a ring of protection from fire (left hand)
 n - an uncursed ring of fire
 E - a +5 ring of intelligence (right hand)
Magical devices
 c - a wand of confusion (16)
 f - a wand of slowing (31)
 m - a wand of flame (19)
 v - a wand of random effects (13)
 y - a wand of digging (10)
Scrolls
 l - a scroll of recharging
 s - a scroll of remove curse
 C - a scroll of fog
 D - a scroll of magic mapping
 F - a scroll of identify
Potions
 b - 2 potions of haste
 g - 2 potions of resistance
 o - a potion of flight {unknown}
 p - 2 potions of might {unknown}
 q - a potion of poison {unknown}
 w - a potion of restore abilities {unknown}
 x - 2 potions of mutation {unknown}
 z - 2 potions of curing {unknown}
 A - 2 potions of agility {unknown}
 B - a potion of cancellation {unknown}
Miscellaneous
 J - a plain deck of wonders {drawn: 1}
Comestibles
 h - 2 beef jerkies
 t - a slice of pizza
 u - 2 meat rations
 G - a bread ration
 I - 6 royal jellies


   Skills:
 + Level 11.0 Fighting
 + Level 12.3 Axes
 - Level 0.8 Throwing
 + Level 13.2 Armour
 - Level 2.5 Dodging
 + Level 1.1 Stealth


You had 10 spell levels left.
You didn't know any spells.

Dungeon Overview and Level Annotations

Branches:
Dungeon (10/15)            Temple (1/1) D:4
   Lair: D:8-11         Orc: D:9-12

Altars:
Cheibriados
Dithmenos
Elyvilon
Gozag
Kikubaaqudgha
Okawaru
Sif Muna
Vehumet
Xom
Yredelemnul
Zin
The Shining One

Shops:
D:5 %

Annotations:
D:10 2 runed doors


Innate Abilities, Weirdness & Mutations

You reflexively headbutt those who attack you in melee.
You have a pair of horns on your head.
You have a somewhat thin skeletal structure (Dex +2, Stealth).
Your mind is very acute. (Int +4)
Your body is slowly deteriorating.
You are frail (-10% HP).


Message History

HP restored.
You open the door.
There is an open door here.
There is a stone staircase leading down here.
You climb downwards.
Level annotation: 2 runed doors The enormous slime creature quivers.
There is a stone staircase leading up, spattered with blood here.
Things that are here:
20 arrows; an uncursed shortbow You slash the enormous slime creature!
The enormous slime creature is lightly wounded.
The enormous slime creature hits you but does no damage.
You slash the enormous slime creature!
You headbutt the enormous slime creature.
The enormous slime creature is lightly wounded.
The enormous slime creature hits you!!!
Ouch! That really hurt!
The enormous slime creature hits you!!
You die...

#.# #.....≈≈≈≈≈≈≈.. #>#
##....≈≈≈≈≈≈≈.. #.##
#....≈≈≈≈≈≈≈.. #..#
#....≈≈≈≈≈≈≈.. ##.#
#....≈≈≈≈≈≈≈.. #.#
#....≈####≈≈.. #.#
#....≈#,,#≈≈..
###.#######....≈#,,#≈≈.[
##......@J(.?...≈##+#≈≈..
#<.....(####....≈≈≈.≈≈≈..
#.......# #.............
##....(## ##....≈≈≈.≈≈≈..
####### #.....≈≈#+##≈..
#.....≈≈#,,#≈..
#.....≈≈#,,#≈..
##.....≈≈####≈..
##......≈≈≈≈≈≈≈..


You could see an enormous slime creature.

Vanquished Creatures
  Erolcha (D:9)
  Pikel (D:4)
  A komodo dragon (D:10)
  2 trolls (D:9)
  Grinder (D:5)
  6 yaks (D:10)
  A hungry ghost (D:8)
  Eustachio (D:8)
  4 hippogriffs
  A steam dragon (D:10)
  Edmund (D:7)
  Menkaure (D:6)
  2 orc warriors
  A black bear (D:6)
  6 sky beasts
  A slave (D:4)
  An ice beast (D:5)
  An eye of draining (D:8)
  3 phantoms
  5 centaurs
  5 ogres
  A big kobold (D:9)
  A wyvern zombie (D:7)
  A scorpion (D:8)
  4 giant frogs
  2 water moccasin skeletons (D:6)
  24 killer bees
  2 goliath beetles
  An electric eel (D:10)
  2 giant frog zombies
  3 crimson imps
  An orc priest (D:3)
  3 centaur skeletons
  An iguana (D:8)
  Crazy Yiuf (D:5)
  5 hounds
  2 giant frog skeletons
  2 jellies
  4 worker ants
  4 orc wizards
  A quasit (D:4)
  Ijyb (D:5)
  A hound zombie (D:8)
  A mummy (D:9)
  10 gnolls
  A shadow imp (D:5)
  5 adders
  3 river rats (D:5)
  A giant mite (D:2)
  6 worms
  2 adder zombies
  2 adder skeletons
  6 giant geckos
  An ooze (D:1)
  29 orcs
  8 giant cockroaches
  10 goblins
  14 hobgoblins
  12 jackals
  3 quokkas
  14 bats
  6 giant newts
  A giant spore (D:8)
  14 kobolds
  A quokka zombie (D:9)
  17 rats
  4 ballistomycetes (D:8)
  A plant (D:5)
285 creatures vanquished.

Vanquished Creatures (collateral kills)
  A queen bee (D:10)
  A deep elf mage (D:10)
  2 orc warriors (D:10)
  An ogre (D:10)
  A wyvern zombie (D:10)
  A killer bee (D:10)
  An electric eel (D:10)
  2 orc priests (D:10)
  3 orcs (D:10)
  A hobgoblin (D:8)
  A rat (D:10)
15 creatures vanquished.

Vanquished Creatures (others)
  A two-headed ogre (D:10)
  A killer bee (D:10)
  A hound (D:4)
  A hobgoblin (D:4)
  A ballistomycete (D:8)
5 creatures vanquished.

Grand Total: 305 creatures vanquished

Notes
Turn   | Place    | Note
--------------------------------------------------------------
     0 | D:1      | Trixu, the Minotaur Berserker, began the quest for the Orb.
     0 | D:1      | Reached XP level 1. HP: 19/19 MP: 1/1
    31 | D:1      | Reached XP level 2. HP: 24/27 MP: 1/1
    66 | D:1      | Reached skill level 4 in Fighting
   430 | D:1      | Acquired Trog's second power
   430 | D:1      | Reached XP level 3. HP: 28/33 MP: 2/2
   599 | D:2      | Found a glowing golden altar of the Shining One.
   701 | D:2      | Found an iron altar of Okawaru.
   788 | D:2      | Found a shimmering altar of Xom.
   863 | D:2      | Reached XP level 4. HP: 33/41 MP: 2/2
  1168 | D:2      | Found an ancient bone altar of Kikubaaqudgha.
  1188 | D:2      | Reached skill level 5 in Axes
  1197 | D:2      | Reached skill level 5 in Fighting
  1407 | D:2      | Reached XP level 5. HP: 48/48 MP: 2/2
  1812 | D:3      | Received a gift from Trog
  2244 | D:4      | Noticed a slave
  2245 | D:4      | Noticed a slave
  2245 | D:4      | Noticed a slave
  2246 | D:4      | Noticed Pikel
  2246 | D:4      | Noticed a slave
  2263 | D:4      | Killed a slave
  2278 | D:4      | Killed Pikel
  2278 | D:4      | Reached skill level 6 in Fighting
  2278 | D:4      | Reached skill level 5 in Armour
  2278 | D:4      | Reached XP level 6. HP: 57/57 MP: 3/3
  2278 | D:4      | Reached XP level 7. HP: 63/63 MP: 3/3
  2326 | D:4      | Reached skill level 7 in Axes
  2475 | D:4      | Found a staircase to the Ecumenical Temple.
  2487 | Temple   | Entered the Ecumenical Temple
  2819 | D:5      | Entered Level 5 of the Dungeon
  2901 | D:5      | Found a basalt altar of Yredelemnul.
  2956 | D:5      | Acquired Trog's third power
  3169 | D:5      | Noticed Grinder
  3172 | D:5      | Noticed Ijyb
  3196 | D:5      | Reached XP level 8. HP: 71/71 MP: 3/3
  3199 | D:5      | Killed Ijyb
  3204 | D:5      | Paralysed by Grinder for 3 turns
  3214 | D:5      | Paralysed by Grinder for 4 turns
  3457 | D:5      | Paralysed by Grinder for 5 turns
  3474 | D:5      | Killed Grinder
  3534 | D:5      | Reached skill level 8 in Axes
  3963 | D:5      | Noticed Crazy Yiuf
  3975 | D:5      | Killed Crazy Yiuf
  4463 | D:5      | Found Tas Frow's Food Shoppe.
  4468 | D:5      | Bought a slice of pizza for 18 gold pieces
  4468 | D:5      | Bought a slice of pizza for 18 gold pieces
  4468 | D:5      | Bought a meat ration for 60 gold pieces
  4468 | D:5      | Bought a beef jerky for 18 gold pieces
  4640 | D:6      | Found a snail-covered altar of Cheibriados.
  4778 | D:6      | Noticed Menkaure
  4791 | D:6      | Killed Menkaure
  4791 | D:6      | Reached skill level 9 in Armour
  4920 | D:6      | Reached XP level 9. HP: 26/81 MP: 4/4
  6202 | D:7      | Gained mutation: Your body is slowly deteriorating. [mutagenic meat]
  6203 | D:7      | Gained mutation: You have a somewhat thin skeletal structure (Dex +2, Stealth). [mutagenic meat]
  6204 | D:7      | Gained mutation: You are frail (-10% HP). [mutagenic meat]
  6218 | D:7      | Reached skill level 10 in Armour
  6343 | D:7      | Reached skill level 10 in Axes
  6346 | D:7      | Found an opulent altar of Gozag.
  6629 | D:7      | Found a basalt altar of Yredelemnul.
  6636 | D:7      | Found a white marble altar of Elyvilon.
  7339 | D:7      | Noticed Edmund
  7352 | D:7      | Killed Edmund
  7608 | D:8      | Noticed Eustachio
  7629 | D:8      | Killed Eustachio
  8184 | D:8      | Reached XP level 10. HP: 73/81 MP: 4/4
  8191 | D:8      | Reached skill level 11 in Armour
  8457 | D:8      | Gained mutation: Your mind is acute. (Int +2) [mutagenic meat]
  8458 | D:8      | Gained mutation: Your mind is very acute. (Int +4) [mutagenic meat]
  9218 | D:9      | Reached skill level 10 in Fighting
  9231 | D:9      | Noticed Erolcha
  9263 | D:9      | Killed Erolcha
  9263 | D:9      | Reached skill level 12 in Armour
  9823 | D:10     | Entered Level 10 of the Dungeon
  9860 | D:10     | Found a runed door.
 10054 | D:10     | Found a runed door.
 10283 | D:10     | Reached skill level 1 in Stealth
 10300 | D:10     | Reached XP level 11. HP: 37/90 MP: 4/4
 10390 | D:10     | Reached skill level 13 in Armour
 10666 | D:10     | Drew Focus: Str increased to 27, Int decreased to 3
 11077 | D:10     | Slain by an enormous slime creature

Action                   |  1- 3 |  4- 6 |  7- 9 | 10-12 || total
-------------------------+-------+-------+-------+-------++-------
Melee: Hand axe          |    63 |   131 |   486 |   339 ||  1019
Throw: Javelin           |       |       |     8 |       ||     8
Invok: Berserk           |       |     2 |     4 |     5 ||    11
       Trog's Hand       |       |       |     4 |     7 ||    11
       Brothers in Arms  |       |       |     1 |     3 ||     4
       Burn Spellbooks   |       |       |       |     1 ||     1
Evoke: Wand              |       |       |     4 |     9 ||    13
       Deck              |       |       |       |     1 ||     1
  Use: Scroll            |     3 |     2 |    16 |     6 ||    27
       Potion            |       |       |       |     3 ||     3
  Eat: Bread ration      |       |     1 |     2 |     1 ||     4
       Meat ration       |       |     1 |     1 |     1 ||     3
       Fruit             |       |       |     7 |       ||     7
       Beef jerky        |       |       |     1 |     2 ||     3
       Chunk             |       |       |     3 |     2 ||     5
       Pizza             |       |       |     2 |       ||     2
       Royal jelly       |       |       |       |     1 ||     1
